 Dungeon Crawl Stone Soup version 0.29-a0-11-ga75d3d97ab (webtiles) character file.

Game seed: 15339742842946733178

263 issech the Cudgeller (level 5, 0/53 HPs)
             Began as a Troll Monk on Jan 28, 2022.
             Slain by an orc (3 damage)
             ... on level 3 of the Dungeon.
             The game lasted 00:07:42 (2248 turns).

issech the Cudgeller (Troll Monk)                   Turns: 2248, Time: 00:07:45

Health: 0/53       AC:  4    Str: 19    XL:     5   Next: 98%
Magic:  4/4        EV: 11    Int:  6    God:
Gold:   116        SH:  0    Dex: 14    Spells: 4/4 levels left

rFire   . . .      SeeInvis .   a - +0 mace
rCold   . . .      Faith    .   (no shield)
rNeg    . . .      Spirit   .   b - +0 robe
rPois   .          Reflect  .   (helmet restricted)
rElec   .          Harm     .   (no cloak)
rCorr   .          Rampage  .   (gloves unavailable)
Will    .....                   (boots unavailable)
Stlth   +.........              (no amulet)
HPRegen 0.97/turn               (no ring)
MPRegen 0.09/turn               (no ring)

@: confused, lethally poisoned (0 -> -13)
A: large, unfitting armour, claws 3, regeneration 1, shaggy fur 1, tough skin 1
a: no special abilities


You were on level 3 of the Dungeon.
You visited 1 branch of the dungeon, and saw 3 of its levels.

You collected 116 gold pieces.

Inventory:

Hand Weapons
 a - a +0 mace (weapon)
 p - a +0 falchion
Missiles
 c - 92 stones (quivered)
 j - 21 arrows
 m - 23 bolts
 s - 3 poisoned darts
Armour
 b - a +0 robe (worn)
Scrolls
 e - a scroll of noise {unknown}
 f - a scroll of silence {unknown}
 g - a scroll of holy word {unknown}
 h - a scroll of amnesia {unknown}
 i - a scroll of teleportation {unknown}
 l - a scroll of torment {unknown}
 n - a scroll of identify {unknown}
 r - a scroll of immolation {unknown}
Potions
 d - a potion of might {unknown}
 k - 2 potions of curing {unknown}
 o - a potion of heal wounds {unknown}
 q - a potion of flight {unknown}


   Skills:
 + Level 3.2 Fighting
 + Level 4.6 Maces & Flails
 + Level 3.3 Dodging
 + Level 1.5 Stealth


You had 4 spell levels left.
You didn't know any spells.
Your spell library contained the following spells:

 Spells                   Type           Power      Damage    Failure   Level
 Summon Small Mammal      Summ           0%         N/A       45%         1
 Call Canine Familiar     Summ           0%         N/A       83%         3
 Summon Guardian Golem    Hex/Summ       0%         N/A       83%         3
 Tukima's Dance           Hex            0%         N/A       83%         3
 Passage of Golubria      Tloc           0%         N/A       99%         4
 Yara's Violent Unravell  Hex/Tmut       0%         3d3       100%        5


Dungeon Overview and Level Annotations

Branches:
Dungeon (3/15)

Altars:

Shops:
D:1 (


Innate Abilities, Weirdness & Mutations

You are too large for most types of armour.
You have claws for hands.
Your natural rate of healing is unusually fast.
You are covered in fur. (AC +1)
You have tough skin. (AC +1)


Message History

You feel sick.
The orc hits you with a +2 short sword of electrocution.
Something hits you. The orc barely misses you.
You sock the orc!
You kill the orc!
You feel sick. Something hits you.
You are more poisoned.
Something hits you but does no damage.
You are more poisoned.
You hit the hobgoblin.
The hobgoblin is severely wounded.
You feel very sick. The hobgoblin barely misses you.
You hear some strange, mumbled words.
Something tries to affect you, but you resist.
You hit the hobgoblin.
You kill the hobgoblin!
You feel very sick.
You hear some strange, mumbled words.
You are confused.
You miss the orc.
You feel very sick. Something hits you.
You are more poisoned.
The orc hits you with a +0 hand axe.
* * * LOW HITPOINT WARNING * * *
You bump into the rock wall.
You feel very sick. Something hits you.
* * * LOW HITPOINT WARNING * * *
You are lethally poisoned!
The orc hits you with a +0 hand axe.
* * * LOW HITPOINT WARNING * * *
You bump into the rock wall.
* * * LOW HITPOINT WARNING * * *
You feel very sick. Something hits you.
* * * LOW HITPOINT WARNING * * *
The orc hits you with a +0 hand axe.
You die...

.[.. #. ... ###.## ..
...... #.## ### #####.#
#..# #.# #.###.# #..##
##.## ##..#... #...#
#...# #.....#.
#....#o###.#.###.###.#.
#....#@.#..#..#..###.##
#....##...###...###...†
#oo.. #...# #...# #....
#.... ##.## ##.## #....
#.... ### ### ##.##
#.... #.## ..# ...#
...^


You could see an orc.

Vanquished Creatures
  Sigmund (D:2)
  Terence (D:2)
  2 adders (D:3)
  A worm (D:3)
  5 dart slugs
  2 orcs (D:3)
  3 bats
  8 endoplasms
  2 giant cockroaches
  4 goblins
  6 hobgoblins
  4 quokkas
  5 ball pythons
  3 frilled lizards
  6 kobolds
  A rat (D:1)
54 creatures vanquished.

Notes
Turn   | Place    | Note
-------+----------+-------------------------------------------
     0 | D:1      | issech the Troll Monk began the quest for the Orb.
     0 | D:1      | Reached XP level 1. HP: 22/22 MP: 0/0
   180 | D:1      | Found a faded altar of an unknown god.
   206 | D:1      | Reached XP level 2. HP: 27/29 MP: 1/1
   400 | D:1      | Reached skill level 3 in Maces & Flails
   672 | D:1      | Found Zissoud's Weapon Shop.
   875 | D:2      | Reached XP level 3. HP: 33/36 MP: 2/2
   897 | D:2      | Noticed Terence
   922 | D:2      | Killed Terence
  1078 | D:2      | Noticed Sigmund
  1256 | D:2      | Killed Sigmund
  1257 | D:2      | Reached skill level 4 in Maces & Flails
  1257 | D:2      | Reached XP level 4. HP: 29/45 MP: 3/3
  1257 | D:2      | Reached XP level 5. HP: 35/53 MP: 4/4
  2248 | D:3      | Slain by an orc

Illustrated notes

Levels and vault maps discovered:
D:1:      dpeg_arrival_arbitrary_b, layout_loops_ring,
          ebering_ecumenical_altar_rust, serial_shops, shop
D:2:      layout_basic, minmay_small_reverse_x, uniq_sigmund, uniq_terence
D:3:      layout_basic, serial_curves, eino_curves_03, eino_curves_01,
          eino_curves_02, grunt_decor_junction, minmay_randomly_rotated_circles

Skill      XL: |  1  2  3 |
---------------+----------+-----
Maces & Flails | 3 4 |  4.6
Fighting       | 3 |  3.2
Dodging        | 3 |  3.3
Stealth        | |  1.5

Action                   |  1- 3 |  4- 6 || total
-------------------------+-------+-------++-------
Melee: Mace              |   113 |    84 ||   197
       Punch             |     2 |     2 ||     4
 Stab: Sleeping          |     4 |       ||     4
Armor: Robe              |    22 |    36 ||    58
Dodge: Dodged            |    58 |    71 ||   129

Table legend: (Time is in decaauts)
 A = Elapsed time spent in this place.
 B = Non-inter-level travel time spent in this place.
 C = Inter-level travel time spent in this place.
 D = Time resting spent in this place.
 E = Time spent auto-exploring this place.
 F = Levels seen in this place.
 G = Mean time per level.
                   A        B        C        D        E       F      G
               +--------+--------+--------+--------+--------+-----+--------+
         Total |   2291 |   2271 |     20 |     44 |   1168 |   3 |  763.7 |
       Dungeon |   2291 |   2271 |     20 |     44 |   1168 |   3 |  763.7 |
               +--------+--------+--------+--------+--------+-----+--------+

Top non-repeatable levels by time:
     D:2: 1056 daAuts
     D:1: 847 daAuts
     D:3: 387 daAuts
